 Dungeon Crawl Stone Soup version 0.27.0-1-g7a089689b8 (webtiles) character file.

Game seed: 6176135782131993555

55 EnegeticOcto the Shield-Bearer (level 3, 28/34 HPs)
             Began as a Deep Dwarf Fighter on Aug 2, 2021.
             Was a Follower of Dithmenos.
             Quit the game on level 2 of the Dungeon.
             The game lasted 00:00:37 (1211 turns).

EnegeticOcto the Shield-Bearer (Deep Dwarf Fighter) Turns: 1211, Time: 00:00:38

Health: 28/34      AC:  8    Str: 20    XL:     3   Next: 67%
Magic:  3/3        EV:  7    Int:  8    God:    Dithmenos [*.....]
Gold:   45         SH:  9    Dex: 12    Spells: 2/2 levels left

rFire    . . .     SeeInvis .   a - +0 war axe
rCold    . . .     Faith    .   c - +0 kite shield
rNeg     . . .     Spirit   .   b - +0 scale mail
rPois    .         Reflect  .   (no helmet)
rElec    .         Harm     .   n - +0 cloak
rCorr    .         Rampage  .   (no gloves)
Will     .....                  (no boots)
Stlth    ..........             (no amulet)
HPRegen  0.00/turn              (no ring)
MPRegen  0.08/turn              (no ring)

@: wreathed by umbra
A: damage resistance, heal wounds, sense surroundings 1, no regeneration
a: Heal Wounds, Renounce Religion


You were on level 2 of the Dungeon.
You worshipped Dithmenos.
Dithmenos was aware of your devotion.
You visited 1 branch of the dungeon, and saw 2 of its levels.

You collected 45 gold pieces.

Inventory:

Hand Weapons
 a - a +0 war axe (weapon)
Missiles
 l - 8 curare-tipped darts
Armour
 b - a +0 scale mail (worn)
 c - a +0 kite shield (worn)
 n - a +0 cloak (worn)
Scrolls
 g - a scroll of silence {unknown}
 h - a scroll of teleportation {unknown}
 i - a scroll of vulnerability {unknown}
 j - a scroll of immolation {unknown}
 m - a scroll of blinking {unknown}
Potions
 d - a potion of might {@q3}
 e - 2 potions of heal wounds {unknown}
 f - a potion of curing {unknown}
 k - 2 potions of haste {unknown}


   Skills:
 + Level 3.0 Fighting
 * Level 3.3 Axes
 + Level 3.7 Armour
 + Level 3.7 Shields


You had 2 spell levels left.
You didn't know any spells.
Your spell library was empty.

Dungeon Overview and Level Annotations

Branches:
Dungeon (2/15)

Altars:
Dithmenos

Shops:
D:1 ?


Innate Abilities, Weirdness & Mutations

You are resistant to damage.
You can heal yourself by infusing magical energy.
You passively map a small area around you.
You do not regenerate.


Message History

No reachable target in view!
No reachable target in view!
No reachable target in view!
No reachable target in view!
A quokka is nearby!
A quokka is nearby!
A quokka is nearby!
A quokka is nearby!
A quokka is nearby!
A quokka is nearby!
A quokka is nearby!
You block the quokka's attack.
You closely miss the quokka. You block the quokka's attack.
The quokka barely misses you.
You miss the quokka. You block the quokka's attack. x2
You closely miss the quokka. You block the quokka's attack. x2
You closely miss the quokka. You block the quokka's attack.
The quokka barely misses you.
You hit the quokka.
The quokka is almost dead.
The quokka bites you but does no damage.
You slash the quokka!
You kill the quokka!
No target in view!
You open the door.
There is an open door here.
You open the door.
There is an open door here.
Found a stone staircase leading up.
There is a stone staircase leading up here.
You open the door.
Found 40 arrows.
There is an open door here.
You open the door.
There is an open door here.
There is an open door here.
You open the door.
There is an open door here.
A frilled lizard comes into view.
The frilled lizard hisses angrily.
A frilled lizard is nearby!
A frilled lizard is nearby!
The frilled lizard bites you.
A frilled lizard is nearby!
You hit the frilled lizard.
You kill the frilled lizard!
No target in view!
No target in view!
No target in view!
You see here a frilled lizard corpse.
Found a faded altar of an unknown god.
There is a faded altar of an unknown god here.
There is a faded altar of an unknown god here.
You see here a frilled lizard corpse.
You open the door.
There is an open door here.
k - 2 smoky grey potions (gained 1)
You open the door.
There is an open door here.
Things that are here:
a +0 dagger; a goblin skeleton A kobold comes into view.
It is wielding a +0 dagger.
The kobold shouts!
A kobold is nearby!
A kobold is nearby!
A kobold is nearby!
A kobold is nearby!
A kobold is nearby!
The kobold hits you but does no damage.
You closely miss the kobold. You block the kobold's attack.
You closely miss the kobold. You block the kobold's attack.
The kobold barely misses you.
You miss the kobold. You block the kobold's attack.
You barely miss the kobold. You block the kobold's attack.
The kobold hits you but does no damage.
You completely miss the kobold. You block the kobold's attack.
You slash the kobold!
You kill the kobold!
No target in view!
No target in view!
No target in view!
No target in view!
No target in view!
No target in view!
No target in view!
No target in view!
No target in view!
No target in view!
No target in view!
No target in view!
You see here a +0 dagger.
There is an open door here.
There is an open door here.
You see here a frilled lizard corpse.
There is a faded altar of an unknown god here.
You cannot tell which god this altar belongs to.
Convert to them anyway?
Dithmenos accepts your prayer! Dithmenos welcomes you!
You are shrouded in an aura of darkness!
Are you sure you want to abandon this character and quit the game? (Confirm with "yes".)

#........#####.# #........###
.##....#######†#### #####.####
#.#.....# #.......# #.######
.###...## #.##.##.# #....... ##
##.## #.##.##.# #.###### # #.#
#.##.##.# #.###### #.#
######.###### #....... ##'##
#8^..#.#...8# #.###.## ##...##
###.##@##.### #.# #.##
##.....###...........# #.###.##
##.......##^#.......#^# #.......
#.......(.#.^........8####.#...##
'.........####.....####..........
#.....(...##.#.....# ####.#...##
##.......###.##.#### #.......
###.....## #.#### ###.#### #
##...## #.# #.#


There were no monsters in sight!

Vanquished Creatures
  2 adders (D:2)
  6 endoplasms (D:1)
  A giant cockroach (D:1)
  2 goblins
  A hobgoblin (D:1)
  7 jackals (D:1)
  3 kobolds
  2 quokkas (D:2)
  4 ball pythons
  A bat (D:2)
  3 frilled lizards
  A rat (D:1)
33 creatures vanquished.

Notes
Turn   | Place    | Note
-------+----------+-------------------------------------------
     0 | D:1      | EnegeticOcto the Deep Dwarf Fighter began the quest for the
                  | Orb.
     0 | D:1      | Reached XP level 1. HP: 20/20 MP: 1/1
    67 | D:1      | Found Towkat's Magic Scroll Emporium.
   100 | D:1      | Reached XP level 2. HP: 22/27 MP: 2/2
   554 | D:2      | Reached XP level 3. HP: 31/34 MP: 3/3
  1033 | D:2      | Found a faded altar of an unknown god.
  1210 | D:2      | Became a worshipper of Dithmenos the Shadowed
  1210 | D:2      | Reached * piety under Dithmenos
  1211 | D:2      | Quit the game

Illustrated notes

Levels and vault maps discovered:
D:1:      amcnicky_arrival_double_pillar, layout_rooms, serial_shops,
          nicolae_shop_crystal
D:2:      layout_loops_corners, shapermc_ecumenical_altar_mp_highgroup,
          kennysheep_generic_room_11

Skill      XL: |  1  2 |
---------------+-------+-----
Axes           | 3 |  3.3
Fighting       | 3 |  3.0
Armour         | |  3.7
Shields        | |  3.7

Action                   || total
-------------------------++-------
Melee: War axe           ||    81
 Abil: Heal Wounds       ||     1
Armor: Scale mail        ||    48
Dodge: Dodged            ||    25
Block: Kite shield       ||    65
